 Dungeon Crawl Stone Soup version 0.30-b1-2-g02819fbbbe (webtiles) character file.

Game seed: 7464158962484945627

26 zero the Charlatan (level 2, -4/16 HPs)
             Began as a Deep Elf Artificer on May 12, 2023.
             Slain by a worm (10 damage)
             ... on level 2 of the Dungeon.
             The game lasted 00:01:38 (972 turns).

zero the Charlatan (Deep Elf Artificer)              Turns: 972, Time: 00:01:38

Health: -4/16      AC:  4    Str:  9    XL:     2   Next: 89%
Magic:  8/8        EV: 12    Int: 27    God:
Gold:   23         SH:  0    Dex: 15    Spells: 7/7 levels left

rFire   . . .        h - +0 short sword
rCold   . . .        (no shield)
rNeg    . . .        b - +0 leather armour
rPois   .            l - +0 helmet
rElec   .            (no cloak)
rCorr   .            (no gloves)
SInv    .            (no boots)
Will    .....        (no amulet)
Stlth   ++           m - +6 ring of intelligence
HPRegen 0.22/turn    a - +6 ring of intelligence
MPRegen 0.11/turn

%: no passive effects
@: no status effects
A: no striking features
a: no special abilities


You were on level 2 of the Dungeon.
You visited 1 branch of the dungeon, and saw 2 of its levels.

You collected 23 gold pieces.

Inventory:

Hand Weapons
 h - a +0 short sword (weapon)
Armour
 b - a +0 leather armour (worn)
 l - a +0 helmet (worn)
Jewellery
 a - a +6 ring of intelligence (right hand)
 m - a +6 ring of intelligence (left hand)
Wands
 d - a wand of charming (13) (quivered)
 e - a wand of iceblast (5)
Scrolls
 f - 3 scrolls of identify {unknown}
 g - 2 scrolls of blinking {unknown}
 n - a scroll of teleportation {unknown}
 p - a scroll of enchant armour {unknown}
Potions
 i - 2 potions of flight {unknown}
 j - a potion of brilliance {unknown}
 k - a potion of degeneration {unknown}
 o - a potion of berserk rage {unknown}


   Skills:
 + Level 1.3 Fighting
 - Level 0.7 Armour
 - Level 2.4 Dodging
 - Level 1.2 Stealth
 - Level 3.0 Spellcasting
 - Level 3.2 Evocations


You had 7 spell levels left.
You didn't know any spells.
Your spell library contained the following spells:

 Spells                   Type           Power      Damage    Failure   Level
 Necrotise                Necr           16%        1d4       12%         1
 Vampiric Draining        Necr           4%         2d6       34%         3
 Agony                    Necr           4%         N/A       97%         5


Dungeon Overview and Level Annotations

Branches:
Dungeon (2/15)

Altars:


Message History

Gang up on whom?
Press: ? - help, Dir - move target, f - endoplasm, p - adder
Aim: an endoplasm (asleep) Attack!
The endoplasm quivers.
You hit the worm but do no damage.
Your adder barely misses the endoplasm.
The endoplasm freezes you.
You are frozen.
You don't know any spells.
Sorry, you're not good enough to have a special ability.
Unknown command.
You hit the worm.
The worm is lightly wounded.
Your adder barely misses the endoplasm.
The worm misses you. The endoplasm closely misses you.
You hit the worm.
The worm is moderately wounded.
Your adder bites the endoplasm but does no damage.
Your adder barely misses the endoplasm.
The worm bites you!
Ouch! That really hurt!
The endoplasm barely misses you.
Your adder bites the endoplasm.
The endoplasm is poisoned.
Your adder poisons the endoplasm!
The endoplasm attacks as you move away! The endoplasm closely misses you.
Your adder barely misses the endoplasm.
Your adder bites the endoplasm.
The endoplasm dies!
What are your orders? t - Shout!
Orders for allies: a - Attack new target. r - Retreat! s - Stop attacking. g - Guard the area. f - Follow me.
Anything else - Cancel.
Gang up on whom?
Press: ? - help, Dir - move target, f - worm
Aim: a worm (lightly wounded) Attack!
Your adder bites the worm.
The worm is poisoned.
Your adder poisons the worm!
The worm bites you!
Ouch! That really hurt!
You die...

..... #.......##.. #....
#......<.... #.....
#........... ....##
#.#.#..#.....# #...##
#.#.#..#..#†.# ######!...##
.........#..#
...........#####.......#...
...............#....##.##.#
.........@####.............
.......Sw......>..#.##.##.#
..........####.#.......##.#
..........# #.#.##.##.##.#
..!.......# #.#....#####.#
######....# #.#..#.......#
#..!.# #.#..#........
#..... ##'#..#........
####...#.........#####


You could see a worm (very poisoned, ally target) and a friendly adder
(charmed).

Vanquished Creatures
  3 dart slugs
  2 endoplasms (D:1)
  A giant cockroach (D:1)
  4 hobgoblins
  A quokka (D:1)
  A ball python (D:2)
  A bat (D:2)
  2 goblins (D:1)
  2 kobolds (D:1)
  A rat (D:2)
18 creatures vanquished.

Vanquished Creatures (collateral kills)
  An endoplasm (D:2)
1 creature vanquished.

Grand Total: 19 creatures vanquished

Notes
Turn   | Place    | Note
-------+----------+-------------------------------------------
     0 | D:1      | zero the Deep Elf Artificer began the quest for the Orb.
     0 | D:1      | Reached XP level 1. HP: 11/11 MP: 3/3
   110 | D:1      | Reached skill level 1 in Spellcasting
   235 | D:1      | Reached XP level 2. HP: 16/16 MP: 7/7
   452 | D:1      | Found a faded altar of an unknown god.
   702 | D:2      | Reached skill level 1 in Fighting
   972 | D:2      | Slain by a worm

Illustrated notes

Levels and vault maps discovered:
D:1:      dpeg_arrival_houses_and_road, layout_basic,
          chequers_ecumenical_altar_island, minmay_pentomino_t2
D:2:      layout_basic, minivault_27, chequers_decorated_corner, uniq_terence

Skill      XL: |  1  2 |
---------------+-------+-----
Spellcasting   | 2 3 |  3.0
Fighting       | 1 |  1.3
Armour         | |  0.7
Dodging        | |  2.4
Stealth        | |  1.2
Evocations     | |  3.2

Action                     || total
---------------------------++-------
  Melee: Short sword       ||    28
  Evoke: Wand              ||    17
   Stab: Sleeping          ||     1
 Armour: Leather armour    ||     7
  Dodge: Dodged            ||    18
